 Dungeon Crawl Stone Soup version 0.25-a0-829-g4e6a552925 (webtiles) character file.

Game seed: 14494290106911177262, levelgen mode: deterministic

337 kae the Conjurer (level 6, -3/32 HPs)
             Began as a Tengu Air Elementalist on Apr 21, 2020.
             Slain by an ogre
             ... wielding a +0 giant club
              (21 damage)
             ... on level 4 of the Dungeon.
             The game lasted 00:03:29 (3827 turns).

kae the Conjurer (Tengu Air Elementalist)           Turns: 3827, Time: 00:03:30

Health: -3/32      AC:  3    Str:  7 (9)  XL:     6   Next: 54%
Magic:  3/12       EV: 15    Int: 16 (17) God:
Gold:   81         SH:  0    Dex: 12 (14) Spells: 3/11 levels left

rFire    . . .     SeeInvis .   h - +0 dagger (venom)
rCold    . . .     Gourm    .   (no shield)
rNeg     . . .     Faith    .   a - +1 robe
rPois    .         Spirit   .   (helmet restricted)
rElec    .         Reflect  .   (no cloak)
rCorr    .         Harm     .   (no gloves)
MR       .....                  (boots unavailable)
Stlth    ++........             l - amulet of the acrobat
HPRegen  0.10/turn              g - ring of wizardry
MPRegen  0.13/turn              (no ring)

@: stab, flying quickly and evasively, quick
A: beak, talons 3, able to fly
a: Stop Flying


You were on level 4 of the Dungeon.
You were not hungry.

You visited 1 branch of the dungeon, and saw 4 of its levels.

You collected 81 gold pieces.

Inventory:

Hand Weapons
 h - a +0 dagger of venom (weapon)
Armour
 a - a +1 robe (worn)
Jewellery
 g - a ring of wizardry (left hand)
 l - an amulet of the acrobat (around neck)
Scrolls
 d - a scroll of remove curse
 f - a scroll of blinking
 m - a scroll of fear
Potions
 b - a potion of invisibility
 i - a potion of ambrosia
 n - a potion of curing
 o - a potion of degeneration
 q - a potion of magic
 r - a potion of mutation
 s - a potion of brilliance
Comestibles
 c - 5 rations
 p - 4 chunks of flesh


   Skills:
 - Level 2.1 Dodging
 - Level 2.0 Stealth
 + Level 3.4 Spellcasting
 * Level 6.1 Conjurations
 + Level 5.8 Air Magic


You had 3 spell levels left.
You knew the following spells:

 Your Spells              Type           Power        Failure   Level  Hunger
a - Shock                 Conj/Air       ###.         1%          1    None
b - Static Discharge      Conj/Air       ###.....     1%          3    ###....
c - Airstrike             Air            ###.......   6%          4    ####...

Your spell library contained the following spells:

 Spells                   Type           Power        Failure   Level  Hunger
 Swiftness                Chrm/Air       ##......     3%          2    ##.....
 Lightning Bolt           Conj/Air       ###.......   17%         5    ######.


Dungeon Overview and Level Annotations

Branches:
Dungeon (4/15)
 Temple: D:4-7

Altars:


Innate Abilities, Weirdness & Mutations

You have a beak for a mouth.
You have claws for feet.
You can fly continuously.


Message History

The leopard gecko is severely wounded.
The leopard gecko bites you.
You closely miss the leopard gecko. Your kick misses the leopard gecko.
The leopard gecko is severely wounded.
The leopard gecko barely misses you.
You hit the leopard gecko.
You kill the leopard gecko!
Casting: Airstrike (dangerous; 6% risk of failure)
Confirm with . or Enter, or press ? or * to list all spells.
You don't have enough magic to cast that spell.
You hit the ogre but do no damage.
The ogre is poisoned.
Your kick misses the ogre.
The ogre is heavily wounded.
The ogre hits you with a +0 giant club!
You hit the ogre but do no damage.
The ogre looks even sicker.
Your kick misses the ogre.
The ogre is heavily wounded.
The ogre hits you with a +0 giant club!!
Ouch! That really hurt!
You die...

..# ###.......####### #.#
... >...............#####
#.#
..###.........#####.....#
#.# #.###.#####.###
#.....#.# #.# #...).#
#.#####.# #.#.####.###
#####.# #.......#
#..........# ......#
#.#####§###.#.##.###.##
#####.#####..#
#§§§...#.##.# #...
....#........#
#@##.###.##.# ####
###.#.....##.###O####
...#.#
#.........##§§§###...#.#
#.#...##.##..#)..###...#
#.##÷###.##..§.....#####
#.##.#
###........lO...###
#.##.# ##........#.##...#
#. #.#
#...........#..#...# #.#
##.#........##... ....


You could see an ogre.

Vanquished Creatures
  A scorpion (D:4)
  A howler monkey (D:4)
  A centaur skeleton (D:4)
  A worker ant (D:4)
  10 adders
  A worm (D:2)
  2 dart slugs (D:1)
  3 leopard geckos
  10 orcs
  3 giant cockroaches
  8 goblins
  11 hobgoblins
  8 jackals
  3 quokkas
  4 bats
  4 frilled lizards
  7 kobolds
  9 rats
87 creatures vanquished.

Notes
Turn   | Place    | Note
-------+----------+-------------------------------------------
     0 | D:1      | kae the Tengu Air Elementalist began the quest for the Orb.
     0 | D:1      | Reached XP level 1. HP: 10/10 MP: 4/4
   169 | D:1      | Reached skill level 2 in Conjurations
   173 | D:1      | Reached XP level 2. HP: 15/15 MP: 0/6
   578 | D:1      | Reached XP level 3. HP: 17/19 MP: 2/7
   587 | D:1      | Reached skill level 3 in Conjurations
  1395 | D:2      | Reached XP level 4. HP: 24/24 MP: 6/8
  1516 | D:2      | Reached skill level 4 in Conjurations
  1762 | D:2      | HP: 1/24 [poisoned by an adder]
  2344 | D:3      | Reached skill level 5 in Air Magic
  2344 | D:3      | Gained mutation: You can fly continuously. [Tengu growth]
  2344 | D:3      | Reached XP level 5. HP: 23/28 MP: 10/10
  3635 | D:4      | Reached skill level 5 in Conjurations
  3665 | D:4      | Reached XP level 6. HP: 26/32 MP: 3/11
  3679 | D:4      | Learned a level 3 spell: Static Discharge
  3684 | D:4      | Learned a level 4 spell: Airstrike
  3783 | D:4      | Reached skill level 6 in Conjurations
  3827 | D:4      | Slain by an ogre

Levels and vault maps discovered:
D:1:      roderic_crossed_star, layout_basic
D:2:      layout_rooms
D:3:      layout_loops_cross, first_ration, chequers_serial_rivers_micro_a
D:4:      minmay_skewed_foursquare, layout_loops_ring, portal_sewer_entry_b

Skill      XL: |  1  2  3  4  5  6 |
---------------+-------------------+-----
Conjurations   | 2 3 4 5 6 |  6.1
Air Magic      | 5 |  5.8
Spellcasting   | 3 |  3.4
Dodging        | |  2.1
Stealth        | |  2.0

Action                   |  1- 3 |  4- 6 || total
-------------------------+-------+-------++-------
Melee: Unarmed           |    30 |       ||    30
       Peck              |     4 |    14 ||    18
       Kick              |     5 |    16 ||    21
       Dagger            |    11 |    97 ||   108
 Cast: Shock             |    52 |    93 ||   145
       Airstrike         |       |     1 ||     1
 Abil: Fly               |       |     1 ||     1
  Use: Potion            |     2 |     3 ||     5
       Scroll            |       |    13 ||    13
 Stab: Sleeping          |     1 |     6 ||     7
  Eat: Chunk             |     2 |     5 ||     7
       Ration            |       |     1 ||     1
Armor: Skin              |     8 |       ||     8
       Robe              |     8 |    12 ||    20
Dodge: Dodged            |    25 |    92 ||   117

Table legend:
 A = Non-vault XP
 B = Vault XP
 C = Vault XP percentage of total XP
 D = Non-vault monster count
 E = Vault monster count
 F = Vault count percentage of total count
                 A         B        C        D         E       F
            +---------+---------+-------+---------+---------+-------
      Total |     399 |      83 |  17.2 |      83 |       4 |   4.6
            +---------+---------+-------+---------+---------+-------
        D:1 |      48 |       0 |   0.0 |      27 |       0 |   0.0
        D:2 |     105 |       0 |   0.0 |      19 |       0 |   0.0
        D:3 |      78 |       0 |   0.0 |      27 |       0 |   0.0
        D:4 |     168 |      83 |  33.1 |      10 |       4 |  28.6
            +---------+---------+-------+---------+---------+-------
